[ AOE2 MATCH · #513644541 ]
UnrankedTatars vs Huns
Player's team · WIN
Rival team · LOSS
[ REPLAY ANALYSIS · EXTRACTED FROM THE RECORDED GAME ]
Feudal
8:50
Castle
25:56
Imperial
—
| APM avg | 68.9 |
| APM peak | 107 |
| eAPM avg | 23.6 |
| Villagers / military | 63 / 60 |
Focus
⚔️ 34.9% · 🌾 65.1%
Cavalry Archer ×32 · Skirmisher ×20 · Scout Cavalry ×6 · Archer ×2
Feudal
11:45
Castle
26:00
Imperial
—
| APM avg | 54.8 |
| APM peak | 108 |
| eAPM avg | 21.5 |
| Villagers / military | 49 / 79 |
Focus
⚔️ 62.2% · 🌾 37.8%
Archer ×42 · Knight ×29 · Militia ×6 · Spearman ×2
Match map
Initial resources + every placement click. Lines = walls · curves = elevation contours. ◆ gold · ⬟ stone · ● berries · ✦ relic · ◌ wall gap
Your base· Open — 4t gap
Paternal MilK's base· Open — 2t gap
Smoothed initial terrain · ◌ = detected wall gap · hover for details
Inputs per minute
— IBGRI - - Paternal MilK
Build order — IBGRI
First 150 of 213 actions detected
| 0:00 | Queue | Villager (Male) |
| 0:01 | Queue | Villager (Male) |
| 0:02 | Build | House |
| 0:02 | Build | House |
| 0:14 | Queue | Villager (Male) |
| 0:14 | Queue | Villager (Male) |
| 1:25 | Queue | Villager (Male) |
| 1:45 | Queue | Villager (Male) |
| 1:57 | Build | Lumber Camp |
| 2:20 | Queue | Villager (Male) |
| 2:51 | Queue | Villager (Male) |
| 3:19 | Queue | Villager (Male) |
| 3:20 | Queue | Villager (Male) |
| 3:20 | Queue | Villager (Male) |
| 3:50 | Build | House |
| 3:51 | Build | House |
| 4:00 | Queue | Villager (Male) |
| 4:00 | Queue | Villager (Male) |
| 4:15 | Queue | Villager (Male) |
| 4:15 | Queue | Villager (Male) |
| 5:05 | Build | Mill |
| 5:16 | Queue | Villager (Male) |
| 5:36 | Queue | Villager (Male) |
| 5:37 | Research | Loom |
| 6:40 | Research | Feudal Age |
| 6:40 | Research | Feudal Age |
| 7:58 | Build | Palisade Wall |
| 8:03 | Build | House |
| 8:05 | Build | House |
| 8:07 | Build | Palisade Wall |
| 8:07 | Build | Palisade Wall |
| 8:34 | Build | Barracks |
| 8:50 | Age | Feudal Age |
| 8:58 | Build | House |
| 9:05 | Queue | Villager (Male) |
| 9:05 | Queue | Villager (Male) |
| 9:38 | Queue | Villager (Male) |
| 9:38 | Queue | Villager (Male) |
| 9:59 | Build | Stable |
| 10:19 | Queue | Villager (Male) |
| 10:25 | Queue | Villager (Male) |
| 10:30 | Build | Palisade Wall |
| 10:31 | Build | Palisade Wall |
| 10:51 | Queue | Scout Cavalry |
| 10:51 | Queue | Scout Cavalry |
| 11:22 | Queue | Villager (Male) |
| 11:24 | Queue | Scout Cavalry |
| 11:51 | Queue | Villager (Male) |
| 11:55 | Build | House |
| 12:07 | Build | Farm |
| 12:09 | Research | Horse Collar |
| 12:10 | Research | Double-Bit Axe |
| 12:10 | Research | Double-Bit Axe |
| 12:18 | Queue | Scout Cavalry |
| 12:18 | Queue | Villager (Male) |
| 12:27 | Build | Farm |
| 12:35 | Queue | Villager (Male) |
| 13:01 | Queue | Villager (Male) |
| 13:19 | Queue | Villager (Male) |
| 13:20 | Queue | Scout Cavalry |
| 13:33 | Queue | Villager (Male) |
| 13:35 | Build | Farm |
| 13:36 | Build | Farm |
| 13:52 | Build | Archery Range |
| 13:53 | Build | House |
| 13:55 | Build | Palisade Wall |
| 13:58 | Queue | Scout Cavalry |
| 14:04 | Build | House |
| 14:05 | Build | Palisade Wall |
| 14:14 | Build | Mining Camp |
| 14:16 | Queue | Villager (Male) |
| 14:18 | Build | Farm |
| 14:31 | Queue | Villager (Male) |
| 14:40 | Build | Farm |
| 14:50 | Build | Farm |
| 14:57 | Queue | Archer |
| 14:57 | Queue | Archer |
| 14:58 | Queue | Villager (Male) |
| 15:17 | Queue | Skirmisher |
| 15:17 | Queue | Skirmisher |
| 15:25 | Queue | Villager (Male) |
| 15:29 | Build | Farm |
| 15:35 | Build | House |
| 15:36 | Build | House |
| 15:50 | Build | Blacksmith |
| 15:54 | Queue | Villager (Male) |
| 16:18 | Queue | Villager (Male) |
| 16:19 | Queue | Skirmisher |
| 16:30 | Build | House |
| 16:31 | Build | Palisade Wall |
| 16:34 | Build | House |
| 16:35 | Build | House |
| 16:41 | Queue | Villager (Male) |
| 16:42 | Queue | Skirmisher |
| 17:01 | Queue | Skirmisher |
| 17:12 | Research | Padded Archer Armor |
| 17:12 | Research | Padded Archer Armor |
| 17:12 | Research | Fletching |
| 17:35 | Queue | Skirmisher |
| 17:35 | Queue | Villager (Male) |
| 17:52 | Build | House |
| 18:11 | Queue | Skirmisher |
| 18:11 | Queue | Villager (Male) |
| 18:20 | Queue | Skirmisher |
| 18:21 | Queue | Villager (Male) |
| 18:23 | Build | House |
| 18:24 | Build | House |
| 18:29 | Build | Archery Range |
| 18:48 | Build | Farm |
| 18:50 | Queue | Villager (Male) |
| 18:52 | Queue | Skirmisher |
| 19:02 | Build | Farm |
| 19:30 | Build | House |
| 19:36 | Queue | Villager (Male) |
| 19:37 | Queue | Villager (Male) |
| 19:44 | Build | Farm |
| 19:44 | Build | Farm |
| 19:44 | Build | Farm |
| 19:45 | Build | Farm |
| 19:45 | Build | Farm |
| 19:45 | Build | Farm |
| 19:46 | Build | Farm |
| 19:46 | Build | Farm |
| 19:46 | Build | Farm |
| 19:46 | Build | Farm |
| 19:53 | Queue | Skirmisher |
| 19:54 | Queue | Skirmisher |
| 19:55 | Queue | Skirmisher |
| 20:05 | Build | House |
| 20:11 | Queue | Skirmisher |
| 20:18 | Queue | Villager (Male) |
| 20:30 | Build | Farm |
| 20:38 | Build | Lumber Camp |
| 20:44 | Queue | Villager (Male) |
| 20:53 | Queue | Villager (Male) |
| 21:18 | Queue | Villager (Male) |
| 21:20 | Research | Wheelbarrow |
| 21:26 | Build | Farm |
| 21:53 | Build | Lumber Camp |
| 21:56 | Build | Farm |
| 22:43 | Build | Palisade Gate |
| 22:44 | Build | House |
| 22:47 | Build | Palisade Wall |
| 23:16 | Research | Castle Age |
| 23:16 | Research | Castle Age |
| 23:30 | Queue | Skirmisher |
| 23:30 | Queue | Skirmisher |
| 23:36 | Build | Farm |
| 23:38 | Build | Farm |
| 23:46 | Queue | Skirmisher |
Build order — Paternal MilK
First 150 of 179 actions detected
| 0:00 | Queue | Villager (Male) |
| 0:01 | Queue | Villager (Male) |
| 0:48 | Queue | Villager (Male) |
| 0:59 | Queue | Villager (Male) |
| 1:09 | Queue | Villager (Male) |
| 1:54 | Build | Lumber Camp |
| 2:02 | Queue | Villager (Male) |
| 2:14 | Queue | Villager (Male) |
| 2:43 | Queue | Villager (Male) |
| 2:56 | Queue | Villager (Male) |
| 3:25 | Queue | Villager (Male) |
| 4:06 | Queue | Villager (Male) |
| 4:21 | Queue | Villager (Male) |
| 4:38 | Research | Loom |
| 4:41 | Build | Barracks |
| 5:03 | Queue | Villager (Male) |
| 5:22 | Queue | Militia |
| 5:23 | Queue | Militia |
| 5:25 | Queue | Villager (Male) |
| 5:44 | Build | Mill |
| 5:49 | Queue | Militia |
| 5:52 | Queue | Villager (Male) |
| 6:11 | Queue | Villager (Male) |
| 6:17 | Queue | Militia |
| 6:37 | Queue | Villager (Male) |
| 6:54 | Queue | Villager (Male) |
| 6:58 | Build | Mining Camp |
| 7:05 | Build | Farm |
| 7:24 | Queue | Villager (Male) |
| 8:02 | Queue | Villager (Male) |
| 8:46 | Research | Loom |
| 9:35 | Research | Feudal Age |
| 9:50 | Build | Farm |
| 9:52 | Build | Farm |
| 10:02 | Queue | Militia |
| 10:31 | Build | Palisade Wall |
| 10:32 | Build | Palisade Wall |
| 10:33 | Build | Palisade Wall |
| 10:34 | Build | Palisade Wall |
| 10:36 | Build | Palisade Wall |
| 10:38 | Build | Palisade Wall |
| 10:55 | Build | Palisade Wall |
| 10:56 | Build | Palisade Wall |
| 11:02 | Queue | Militia |
| 11:45 | Age | Feudal Age |
| 11:50 | Research | Man-at-Arms (upgrade) |
| 11:51 | Research | Double-Bit Axe |
| 11:51 | Queue | Villager (Male) |
| 11:58 | Queue | Villager (Male) |
| 12:01 | Build | Archery Range |
| 12:03 | Build | Archery Range |
| 12:04 | Queue | Spearman |
| 12:07 | Build | Blacksmith |
| 12:09 | Queue | Villager (Male) |
| 12:16 | Build | Palisade Wall |
| 12:19 | Build | Palisade Wall |
| 12:29 | Build | Palisade Wall |
| 12:30 | Build | Palisade Wall |
| 12:34 | Queue | Villager (Male) |
| 12:55 | Queue | Archer |
| 13:00 | Queue | Archer |
| 13:01 | Queue | Archer |
| 13:03 | Build | Palisade Wall |
| 13:05 | Queue | Villager (Male) |
| 13:07 | Build | Farm |
| 13:39 | Build | Farm |
| 13:40 | Research | Fletching |
| 13:57 | Build | Palisade Wall |
| 14:01 | Build | Farm |
| 14:04 | Queue | Villager (Male) |
| 14:16 | Queue | Archer ×2 |
| 14:21 | Queue | Villager (Male) |
| 14:32 | Build | Market |
| 14:52 | Queue | Villager (Male) |
| 14:54 | Build | Farm |
| 14:55 | Queue | Archer ×2 |
| 15:13 | Queue | Villager (Male) |
| 15:18 | Build | Palisade Wall |
| 15:20 | Build | Farm |
| 15:21 | Queue | Villager (Male) |
| 15:27 | Queue | Archer ×2 |
| 15:27 | Queue | Archer ×2 |
| 15:36 | Build | Palisade Wall |
| 15:47 | Build | Farm |
| 15:49 | Queue | Villager (Male) |
| 15:54 | Build | Palisade Wall |
| 16:05 | Queue | Archer |
| 16:21 | Build | Palisade Gate |
| 16:26 | Build | Farm |
| 16:41 | Queue | Archer ×2 |
| 16:41 | Queue | Archer ×2 |
| 16:42 | Queue | Villager (Male) |
| 16:45 | Build | Palisade Wall |
| 16:59 | Research | Padded Archer Armor |
| 17:27 | Queue | Archer ×4 |
| 17:28 | Queue | Villager (Male) |
| 17:34 | Build | Farm |
| 17:52 | Queue | Archer |
| 17:52 | Queue | Archer |
| 17:55 | Queue | Villager (Male) |
| 18:06 | Queue | Archer ×3 |
| 18:09 | Queue | Villager (Male) |
| 18:25 | Queue | Spearman |
| 18:34 | Queue | Villager (Male) |
| 18:53 | Build | Farm |
| 18:58 | Build | Lumber Camp |
| 19:10 | Build | Palisade Wall |
| 19:29 | Queue | Villager (Male) |
| 19:31 | Queue | Archer ×5 |
| 19:32 | Queue | Archer |
| 19:32 | Queue | Archer |
| 19:51 | Research | Wheelbarrow |
| 19:58 | Queue | Archer ×2 |
| 19:58 | Queue | Archer ×2 |
| 20:24 | Queue | Villager (Male) |
| 20:25 | Build | Farm |
| 20:27 | Build | Farm |
| 20:45 | Build | Farm |
| 20:47 | Build | Farm |
| 21:03 | Build | Watch Tower |
| 21:08 | Build | Farm |
| 21:10 | Queue | Villager (Male) |
| 21:13 | Build | Farm |
| 21:19 | Queue | Archer ×5 |
| 21:19 | Queue | Archer |
| 21:53 | Build | Palisade Wall |
| 22:05 | Queue | Villager (Male) |
| 22:19 | Build | Palisade Wall |
| 22:22 | Build | Lumber Camp |
| 22:29 | Build | Stable |
| 22:50 | Build | Farm |
| 23:06 | Build | Palisade Wall |
| 23:09 | Build | Palisade Wall |
| 23:11 | Build | Palisade Wall |
| 23:19 | Build | Farm |
| 23:20 | Research | Castle Age |
| 23:35 | Build | Lumber Camp |
| 23:46 | Build | Farm |
| 23:48 | Research | Bloodlines |
| 23:49 | Research | Bloodlines |
| 24:08 | Research | Scale Barding Armor |
| 24:13 | Research | Horse Collar |
| 24:29 | Build | Palisade Wall |
| 24:38 | Research | Scale Barding Armor |
| 24:49 | Build | Palisade Gate |
| 25:26 | Build | Stable |
| 25:37 | Research | Gold Mining |
| 26:00 | Age | Castle Age |
| 26:04 | Queue | Knight ×5 |
| 26:12 | Queue | Knight ×3 |
Match timeline
| 4:41 | Paternal MilK · first_building Barracks |
| 7:58 | IBGRI · wall_segment Palisade Wall x1 |
| 8:07 | IBGRI · wall_segment Palisade Wall x1 |
| 8:07 | IBGRI · wall_segment Palisade Wall x1 |
| 8:34 | IBGRI · first_building Barracks |
| 8:50 | IBGRI · age_up feudal |
| 9:59 | IBGRI · first_building Stable |
| 10:30 | IBGRI · wall_segment Palisade Wall x1 |
| 10:31 | IBGRI · wall_segment Palisade Wall x1 |
| 10:31 | Paternal MilK · wall_segment Palisade Wall x1 |
| 10:32 | Paternal MilK · wall_segment Palisade Wall x1 |
| 10:33 | Paternal MilK · wall_segment Palisade Wall x1 |
| 10:34 | Paternal MilK · wall_segment Palisade Wall x1 |
| 10:36 | Paternal MilK · wall_segment Palisade Wall x1 |
| 10:38 | Paternal MilK · wall_segment Palisade Wall x3 |
| 10:55 | Paternal MilK · wall_segment Palisade Wall x1 |
| 10:56 | Paternal MilK · wall_segment Palisade Wall x1 |
| 11:45 | Paternal MilK · age_up feudal |
| 12:01 | Paternal MilK · first_building Archery Range |
| 12:16 | Paternal MilK · wall_segment Palisade Wall x1 |
| 12:19 | Paternal MilK · wall_segment Palisade Wall x9 |
| 12:29 | Paternal MilK · wall_segment Palisade Wall x2 |
| 12:30 | Paternal MilK · wall_segment Palisade Wall x4 |
| 13:03 | Paternal MilK · wall_segment Palisade Wall x2 |
| 13:52 | IBGRI · first_building Archery Range |
| 13:55 | IBGRI · wall_segment Palisade Wall x21 |
| 13:57 | Paternal MilK · wall_segment Palisade Wall x11 |
| 14:05 | IBGRI · wall_segment Palisade Wall x15 |
| 15:18 | Paternal MilK · wall_segment Palisade Wall x3 |
| 15:36 | Paternal MilK · wall_segment Palisade Wall x1 |
| 15:54 | Paternal MilK · wall_segment Palisade Wall x2 |
| 16:31 | IBGRI · wall_segment Palisade Wall x6 |
| 16:45 | Paternal MilK · wall_segment Palisade Wall x1 |
| 19:10 | Paternal MilK · wall_segment Palisade Wall x1 |
| 20:23 | Paternal MilK · first_market_buy 100 food |
| 21:53 | Paternal MilK · wall_segment Palisade Wall x1 |
| 22:19 | Paternal MilK · wall_segment Palisade Wall x1 |
| 22:29 | Paternal MilK · first_building Stable |
| 22:47 | IBGRI · wall_segment Palisade Wall x1 |
| 23:06 | Paternal MilK · wall_segment Palisade Wall x1 |
| 23:09 | Paternal MilK · wall_segment Palisade Wall x2 |
| 23:11 | Paternal MilK · wall_segment Palisade Wall x3 |
| 24:29 | Paternal MilK · wall_segment Palisade Wall x1 |
| 25:56 | IBGRI · age_up castle |
| 26:00 | Paternal MilK · age_up castle |
| 29:40 | IBGRI · first_market_sell 500 food |
| 29:41 | IBGRI · first_market_buy 100 wood |
| 30:39 | Paternal MilK · resign |
[ AI ANALYSIS · 1 CREDIT ]
What really happened in this match?
Wolo.gg analyzes every decision: build order, eco, micro, common mistakes by bracket. Personalized analysis on WhatsApp or Discord in 30 seconds.
Civ guide
Tatars
Perfil
Jugador #17122710